 Dungeon Crawl Stone Soup version 0.26-a0-547-g695e311587 (webtiles) character file.

Game seed: 2835930396647688586

127817 Mitsuki the Warrior (level 16, -8/150 HPs)
             Began as a Hill Orc Fighter on Aug 17, 2020.
             Was the Champion of Beogh.
             Mangled by a grey draconian monk (15 damage)
             ... summoned by old memories
             ... in a wizard's laboratory on Aug 20, 2020.
             The game lasted 03:33:53 (41627 turns).

Mitsuki the Warrior (Hill Orc Fighter)             Turns: 41627, Time: 03:33:54

Health: -8/150     AC: 31    Str: 27    XL:     16   Next: 67%
Magic:  26/26      EV:  8    Int: 10    God:    Beogh [******]
Gold:   1699       SH: 20    Dex: 16    Spells: 15/15 levels left

rFire    + . .     SeeInvis +   a - +0 trident (venom)
rCold    . . .     Faith    .   c - +0 kite shield
rNeg     + + .     Spirit   .   L - +2 plate armour {rN+}
rPois    +         Reflect  +   Q - +2 helmet {SInv}
rElec    .         Harm     .   J - +2 cloak {rCorr}
rCorr    +                      u - +1 pair of gloves {Str+3}
MR       +++..                  N - +2 pair of boots of Bad Feelings {+Blink rF+}
Stlth    ..........             i - amulet of reflection
HPRegen  0.35/turn              Y - ring of Doubts {rN+ MR++}
MPRegen  0.20/turn              D - +6 ring of dexterity

@: studying Shields, lightly drained
A: walk on water, talons 1, blink, poison resistance
}: 1/15 runes: gossamer
a: Blink, Smiting, Recall Orcish Followers, Give Item to Named Follower,
Resurrection, Renounce Religion, Evoke Blink


You were in a wizard's laboratory.
You worshipped Beogh.
Beogh was exalted by your worship.
You visited 6 branches of the dungeon, and saw 29 of its levels.
You also visited: Ossuary, Gauntlet, Ice Cave, Volcano and Wizlab.

You collected 3247 gold pieces.
You spent 1548 gold pieces at shops.

Inventory:

Hand Weapons
 a - a +0 trident of venom (weapon)
 b - a +0 hand crossbow
 l - a +0 trident of flaming
Missiles
 m - a throwing net (quivered)
 C - 239 bolts
Armour
 c - a +0 kite shield (worn)
 u - a +1 pair of gloves of strength (worn)
 J - a +2 cloak of preservation (worn)
 L - a +2 plate armour of positive energy (worn)
 N - the +2 pair of boots of Bad Feelings (worn) {+Blink rF+}
   (You found it on level 8 of the Dungeon)

   It protects you from fire.
   It lets you blink.
 Q - a +2 helmet of see invisible (worn)
Jewellery
 i - an amulet of reflection (around neck)
 D - a +6 ring of dexterity (right hand)
 Y - the ring of Doubts (left hand) {rN+ MR++}
   (You bought it in a shop on level 14 of the Dungeon)

   [ring of positive energy]

   It protects you from negative energy.
   It affects your resistance to hostile enchantments.
Wands
 d - a wand of digging (28)
 o - a wand of acid (17)
 B - a wand of disintegration (16)
 O - a wand of iceblast (10)
Scrolls
 h - 4 scrolls of fog
 j - 2 scrolls of blinking
 x - 8 scrolls of teleportation
 K - 4 scrolls of fear
 T - a scroll of magic mapping
 V - a scroll of summoning {unknown}
Potions
 t - 3 potions of curing
 w - 4 potions of berserk rage
 z - 7 potions of heal wounds
 G - 3 potions of might
 H - 2 potions of haste
Books
 f - a manual of Shields
Miscellaneous
 p - a phantom mirror
 E - a box of beasts (3/3)
 S - a lightning rod (4/4)
 U - a condenser vane (2/2)


   Skills:
 * Level 15.7(15.6) Fighting
 - Level 14.0(13.9) Polearms
 + Level 14.2(14.1) Armour
 - Level 15.0(14.9) Shields
 + Level 14.0(13.9) Invocations
 + Level 10.8(10.7) Evocations


You had 15 spell levels left.
You didn't know any spells.
Your spell library contained the following spells:

 Spells                   Type           Power        Failure   Level
 Foxfire                  Conj/Fire      #...         95%         1
 Magic Dart               Conj           #...         95%         1
 Shock                    Conj/Air       #...         95%         1
 Blink                    Tloc           N/A          98%         2
 Call Imp                 Summ           #.......     98%         2
 Slow                     Hex            #.......     98%         2
 Swiftness                Air            #.......     98%         2
 Conjure Flame            Conj/Fire      #.......     100%        3
 Inner Flame              Hex/Fire       #.......     100%        3
 Mephitic Cloud           Conj/Pois/Air  #.......     100%        3
 Static Discharge         Conj/Air       #.......     100%        3
 Airstrike                Air            #.........   100%        4
 Cause Fear               Hex            #.........   100%        4
 Sticky Flame             Conj/Fire      #.......     100%        4
 Fireball                 Conj/Fire      #.........   100%        5
 Lightning Bolt           Conj/Air       #.........   100%        5
 Silence                  Hex/Air        #.........   100%        5
 Yara's Violent Unravell  Hex/Tmut       #.........   100%        5
 Discord                  Hex            #.........   100%        8


Dungeon Overview and Level Annotations

Branches:
Dungeon (15/15)            Temple (1/1) D:5            Lair (6/6) D:10
 Shoals (0/4) Lair:3       Spider (4/4) Lair:3        Slime (0/5) Lair:5
    Orc (2/2) D:12            Elf (1/3) Orc:2        Vaults (0/5) D:13
 Depths (0/5) D:15        Ossuary (visited)           IceCv (visited)
Volcano (visited)          WizLab (1/1)             Gauntlet (visited)

Altars:
Ashenzari
Cheibriados
Dithmenos
Elyvilon
Fedhas
Gozag
Hepliaklqana
Kikubaaqudgha
Makhleb
Nemelex Xobeh
Okawaru
Qazlal
Ru
Sif Muna
Trog
Uskayaw
Vehumet
Wu Jian
Xom
Yredelemnul
Zin
The Shining One
Beogh
Jiyva

Shops:
D:6 (   D:12 [   D:14 =   Orc:1 (   Orc:2 !*[*}

Annotations:
D:11 Urug
Lair:5 1 runed translucent door


Innate Abilities, Weirdness & Mutations

You can walk on water.
You have sharp toenails.
You can translocate small distances at will.
Your system is resistant to poisons. (rPois)


Message History

* * * LOW HITPOINT WARNING * * *
The grey draconian monk kicks you but does no damage.
The grey draconian monk tail-slaps you but does no damage.
The grey draconian monk tail-slaps you.
* * * LOW HITPOINT WARNING * * *
You take 19 damage, and have 15/150 hp.
You completely miss the grey draconian monk.
The grey draconian monk is lightly wounded.
You miss the grey draconian monk.
The grey draconian monk is lightly wounded.
You block the deep troll's attack.
The deep troll claws you but does no damage.
The deep troll barely misses you.
The grey draconian monk hits you but does no damage.
You block the grey draconian monk's attack.
The grey draconian monk tail-slaps you!
* * * LOW HITPOINT WARNING * * *
The grey draconian monk tail-slaps you but does no damage.
The grey draconian monk hits you!
You die...

#####
...♣♣##.T.##
.....'..q@.#
...♣♣##.q.##
#####


You could see 2 draconians and a deep troll (summoned, very poisoned).

Vanquished Creatures
  3 ghost moths
  An entropy weaver (Spider:2)
  Snorg (Orc:2)
  A yaktaur captain (D:15)
  6 hydras
  3 two-headed ogres
  2 centaur warriors
  A dancing weapon (Volcano)
  An orc high priest (Orc:2)
  4 wizards (Volcano)
  An unseen horror (D:11)
  A lindwurm (Lair:6)
  A deep elf mage (Elf:1)
  4 orb spiders
  A wolf spider zombie (D:15)
  Pikel (D:4)
  An orc knight (Orc:2)
  10 wolf spiders
  An oklob plant (Orc:1)
  3 orc sorcerers (Orc:2)
  A manticore (D:13)
  2 cyclopes (D:15)
  9 ugly things
  A moth of wrath (Spider:4)
  4 toenail golems (Volcano)
  A merfolk siren (Lair:3)
  3 torpor snails
  6 black mambas
  7 cane toads
  A demonic crawler (Spider:1)
  A rime drake (Lair:6)
  A yaktaur (D:15)
  8 komodo dragons
  A tyrant leech (Lair:6)
  5 trolls
  5 hornets
  16 jumping spiders
  9 blink frogs
  Grinder (D:6)
  5 dream sheep
  2 slime creatures
  9 hippogriffs
  23 redbacks
  4 water elementals (D:10)
  5 wyverns
  5 tarantellas
  3 fire elementals (D:13)
  2 fire bats (Lair:6)
  3 basilisks
  12 yaks
  2 wraiths (D:13)
  A vampire mosquito (D:13)
  Menkaure (D:4)
  2 wargs
  2 two-headed ogre zombies (D:12)
  9 water moccasins
  A hell hound (D:13)
  Edmund (D:4)
  9 porcupines
  9 orc warriors
  8 ice beasts
  3 black bears
  2 sky beasts
  2 phantoms
  A necrophage (D:5)
  18 centaurs
  2 eyes of draining
  14 ogres
  10 crocodiles
  33 wolves
  3 big kobolds
  14 bullfrogs
  4 scorpions
  5 killer bees
  5 wights
  3 electric eels
  2 vampire bats (Lair:4)
  8 howler monkeys
  2 crimson imps (D:13)
  3 centaur zombies
  2 bullfrog zombies
  6 hounds
  A quasit (D:8)
  3 iron imps (D:9)
  2 jellies
  6 orc priests
  Crazy Yiuf (D:5)
  A bullfrog skeleton (D:12)
  15 iguanas
  7 hell rats (Lair:4)
  9 orc wizards
  6 worker ants
  A yak simulacrum (Lair:6)
  A polar bear simulacrum (Lair:6)
  4 ogre zombies
  A hound zombie (D:7)
  A hound skeleton (D:7)
  7 mummies (Ossuary)
  3 gnolls (D:2)
  14 adders
  2 white imps (D:13)
  2 ufetubi
  2 adder zombies
  An adder skeleton (D:10)
  2 worms
  3 dart slugs
  2 leopard geckos (D:7)
  32 orcs
  13 bats
  10 giant cockroaches
  A gnoll zombie (Ossuary)
  5 goblins
  9 hobgoblins
  7 jackals
  21 kobolds
  2 quokkas
  4 frilled lizards
  5 goblin zombies (Ossuary)
  A hobgoblin skeleton (D:12)
  6 hobgoblin zombies
  A jackal skeleton (D:6)
  A jackal zombie (D:6)
  2 kobold zombies (Ossuary)
  A leopard gecko skeleton (D:4)
  7 orc zombies (D:12)
  6 quokka zombies (Ossuary)
  9 rats
  5 rat zombies (Ossuary)
  4 river rat simulacra (Lair:6)
  3 plants (Lair:6)
641 creatures vanquished.

Vanquished Creatures (collateral kills)
  Saint Roka (Orc:2)
  2 ghost moths
  4 emperor scorpions
  An entropy weaver (Spider:4)
  The ghost of leebro123 the Severer, a journeyman DsBe of Trog (Lair:5)
  Azrael (D:13)
  A spark wasp (Spider:4)
  A deep elf death mage (Elf:1)
  Josephine (D:13)
  2 fire dragons (Lair:6)
  Fannar (D:11)
  A hydra (Lair:6)
  2 centaur warriors
  2 dancing weapons (D:13)
  2 tengu warriors (D:14)
  2 orc high priests (Orc:2)
  2 deep elf knights (Elf:1)
  4 skeletal warriors (D:15)
  A swamp dragon (Lair:6)
  A necromancer (Lair:6)
  7 orb spiders
  A deep elf mage (Elf:1)
  3 orc knights (Orc:2)
  18 wolf spiders
  2 ugly things
  A cyclops (Orc:2)
  A manticore (D:14)
  A black mamba (Lair:6)
  3 centaur zombies
  4 elephants (Lair:6)
  Maurice (Orc:2)
  4 torpor snails
  2 centaur skeletons
  2 cane toads
  7 demonic crawlers
  2 tengu conjurers (D:15)
  2 trolls
  16 jumping spiders
  12 hornets
  3 tyrant leeches (Lair:6)
  7 dream sheep
  5 slime creatures
  4 hippogriffs
  2 blink frogs (Lair:6)
  27 redbacks
  A water elemental (Elf:1)
  A shadow (D:15)
  5 yaks
  A wyvern (D:12)
  A vampire (D:15)
  20 tarantellas
  A steam dragon (Lair:6)
  4 wraiths
  A fire bat (Lair:6)
  2 vampire mosquitoes (D:13)
  2 two-headed ogre zombies (D:12)
  2 wargs (Orc:2)
  3 acid dragons (Lair:6)
  5 water moccasins
  3 hell hounds (D:13)
  11 orc warriors
  3 phantoms (D:12)
  A swamp drake (Lair:6)
  3 ogres
  A necrophage (D:14)
  7 centaurs
  7 crocodiles
  A big kobold (D:14)
  A bullfrog (D:15)
  2 killer bees (D:11)
  2 wights (D:15)
  An electric eel (Spider:4)
  A vampire bat (Lair:4)
  2 howler monkeys
  4 crimson imps (D:13)
  A bullfrog zombie (D:12)
  9 orc priests
  6 orc wizards
  2 iguanas (Lair:6)
  2 polar bear simulacra (Lair:6)
  A worker ant (D:12)
  2 yak simulacra (Lair:6)
  A wolf simulacrum (Lair:6)
  3 ogre zombies (D:12)
  An adder (D:12)
  A white imp (D:13)
  19 orcs
  A quokka (D:12)
  A goblin skeleton (D:12)
  4 goblin zombies (D:12)
  A hobgoblin skeleton (D:12)
  2 hobgoblin zombies (D:12)
  2 kobolds (D:14)
  An orc skeleton (D:12)
  7 orc zombies (D:12)
  2 fungi (Lair:6)
  16 plants (Lair:6)
354 creatures vanquished.

Vanquished Creatures (others)
  Urug (D:11)
  3 orc high priests
  A wizard (Volcano)
  2 orc knights (Orc:2)
  2 orb spiders
  A toenail golem (Volcano)
  16 orc warriors
  A sky beast (D:6)
  12 orc wizards
  23 orc priests
  51 orcs
  4 fungi
  8 plants (Lair:6)
125 creatures vanquished.

Grand Total: 1120 creatures vanquished

Notes
Turn   | Place    | Note
-------+----------+-------------------------------------------
     0 | D:1      | Mitsuki the Hill Orc Fighter began the quest for the Orb.
     0 | D:1      | Reached XP level 1. HP: 19/19 MP: 1/1
   152 | D:1      | Reached XP level 2. HP: 27/27 MP: 2/2
  1058 | D:2      | Reached XP level 3. HP: 33/33 MP: 3/3
  1349 | D:2      | Reached XP level 4. HP: 40/40 MP: 4/4
  1458 | D:2      | Found a white marble altar of Elyvilon.
  1973 | D:3      | Reached XP level 5. HP: 46/47 MP: 5/5
  2822 | D:4      | Reached skill level 5 in Fighting
  2860 | D:4      | Reached XP level 6. HP: 56/56 MP: 6/6
  2863 | D:4      | Found an opulent altar of Gozag.
  3107 | D:4      | Reached skill level 5 in Armour
  3107 | D:4      | Reached skill level 5 in Shields
  3186 | D:4      | Noticed Pikel
  3212 | D:4      | Killed Pikel
  3212 | D:4      | Reached skill level 5 in Polearms
  3212 | D:4      | Reached XP level 7. HP: 13/64 MP: 7/7
  3212 | D:4      | Reached XP level 8. HP: 14/71 MP: 8/8
  3629 | D:4      | Noticed Menkaure
  3635 | D:4      | Killed Menkaure
  3665 | D:4      | Found a shimmering blue altar of Sif Muna.
  3665 | D:4      | Noticed Edmund
  3687 | D:4      | Killed Edmund
  4143 | D:5      | Entered Level 5 of the Dungeon
  4451 | D:5      | Found a staircase to the Ecumenical Temple.
  4535 | D:5      | Found a shimmering altar of Xom.
  4654 | D:5      | Found an iron altar of Okawaru.
  4727 | D:5      | Found a runed translucent door.
  4728 | D:5      | Noticed Crazy Yiuf
  4736 | D:5      | Killed Crazy Yiuf
  4900 | D:6      | Reached XP level 9. HP: 79/79 MP: 9/9
  5154 | D:6      | Noticed Grinder
  5174 | D:6      | Paralysed by Grinder for 6 turns
  5197 | D:6      | Paralysed by Grinder for 7 turns
  5208 | D:6      | Paralysed by Grinder for 3 turns
  5217 | D:6      | Paralysed by Grinder for 2 turns
  5223 | D:6      | Killed Grinder
  5618 | D:6      | Found Iphofux's Weapon Emporium.
  5775 | Temple   | Entered the Ecumenical Temple
  5906 | D:6      | Became a worshipper of Beogh the Brigand
  6410 | D:7      | Got a buzzing ring mail
  6421 | D:7      | Identified the +2 ring mail of Death Resistance {rN+ Int+4}
                  | (You found it on level 7 of the Dungeon)
  7044 | D:8      | Found Zin's Purification Station.
  7048 | D:8      | Found a glowing silver altar of Zin.
  7051 | D:8      | Bought a potion of curing for 90 gold pieces
  7111 | D:8      | Reached XP level 10. HP: 80/91 MP: 10/10
  7116 | D:8      | Got an ebony flail
  7203 | D:8      | Found a sand-covered staircase.
  7212 | Ossuary  | Entered an ossuary
  7354 | Ossuary  | Reached * piety under Beogh
  7844 | D:8      | Found a sacrificial altar of Ru.
  8375 | D:8      | Reached ** piety under Beogh
  8443 | D:8      | Got a pair of ancient boots
  8568 | D:8      | Reached skill level 1 in Invocations
  8794 | D:8      | Noticed a two-headed ogre
  8807 | D:8      | Killed a two-headed ogre
  9319 | D:9      | Identified the +2 pair of boots of Bad Feelings {+Blink
                  | rF+} (You found it on level 8 of the Dungeon)
  9472 | D:9      | Identified the +7 battleaxe of Mubic {vorpal, rC+}
  9731 | D:9      | Reached skill level 1 in Evocations
 10497 | D:9      | Found a burning altar of Makhleb.
 10697 | D:10     | Entered Level 10 of the Dungeon
 10697 | D:10     | Noticed Urug
 10737 | D:9      | Reached skill level 10 in Fighting
 11402 | D:10     | Reached XP level 11. HP: 56/99 MP: 14/14
 11678 | D:10     | Reached *** piety under Beogh
 11913 | D:10     | Found a staircase to the Lair.
 12728 | D:11     | Noticed Fannar
 12803 | D:11     | Noticed a two-headed ogre
 12823 | D:11     | Killed a two-headed ogre
 12823 | D:11     | Reached skill level 5 in Invocations
 12879 | D:11     | Found a frozen archway.
 12892 | IceCv    | Entered an ice cave
 13031 | IceCv    | Noticed a white ugly thing
 13066 | IceCv    | Killed a white ugly thing
 13232 | IceCv    | Identified a scroll of acquirement
 13247 | IceCv    | Noticed a white ugly thing
 13469 | Lair:1   | Entered Level 1 of the Lair of Beasts
 13530 | Lair:1   | Found a gate leading to a gauntlet.
 13539 | Gauntlet | Entered a Gauntlet
 13539 | Gauntlet | Found a transporter.
 13541 | Gauntlet | Noticed a shining eye
 13551 | Gauntlet | Found a transporter.
 13552 | Gauntlet | Found a transporter.
 13553 | Gauntlet | Found a transporter.
 13560 | Gauntlet | Found a transporter.
 13560 | Gauntlet | Noticed a large abomination
 13563 | Gauntlet | Found a transporter.
 13564 | Gauntlet | Found a transporter.
 13573 | Gauntlet | Found a transporter.
 13575 | Gauntlet | Found a transporter.
 13576 | Gauntlet | Found a transporter.
 13576 | Gauntlet | Noticed a fire crab
 13584 | Gauntlet | Found a transporter.
 13587 | Gauntlet | Found a transporter.
 13588 | Gauntlet | Found a transporter.
 13591 | Gauntlet | Noticed a death drake
 13599 | Gauntlet | Found a transporter.
 13836 | Lair:1   | Noticed a five-headed hydra
 13840 | Lair:1   | Killed a five-headed hydra
 13840 | Lair:1   | Reached skill level 10 in Armour
 14313 | Lair:1   | Reached skill level 10 in Shields
 14744 | Lair:1   | Acquired a manual of Shields
 14748 | Lair:1   | Gained mutation: Scrolls take you a little longer to read.
                  | [potion of mutation]
 14748 | Lair:1   | Gained mutation: Your flesh is cold resistant. (rC+)
                  | [potion of mutation]
 14749 | Lair:1   | Lost mutation: Your flesh is cold resistant. (rC+) [potion
                  | of mutation]
 14749 | Lair:1   | Lost mutation: Scrolls take you a little longer to read.
                  | [potion of mutation]
 14749 | Lair:1   | Gained mutation: You are partially covered in iridescent
                  | scales. (AC +2) [potion of mutation]
 14749 | Lair:1   | Gained mutation: Your mind is acute. (Int +2) [potion of
                  | mutation]
 14750 | Lair:1   | Lost mutation: Your mind is acute. (Int +2) [potion of
                  | mutation]
 14750 | Lair:1   | Lost mutation: You are partially covered in iridescent
                  | scales. (AC +2) [potion of mutation]
 14750 | Lair:1   | Gained mutation: Armour fits poorly on your strangely
                  | shaped body. [potion of mutation]
 14750 | Lair:1   | Gained mutation: You can translocate small distances at
                  | will. [potion of mutation]
 14750 | Lair:1   | Gained mutation: Your mind is acute. (Int +2) [potion of
                  | mutation]
 14751 | Lair:1   | Lost mutation: Armour fits poorly on your strangely shaped
                  | body. [potion of mutation]
 14751 | Lair:1   | Lost mutation: Your mind is acute. (Int +2) [potion of
                  | mutation]
 14751 | Lair:1   | Gained mutation: You have sharp toenails. [potion of
                  | mutation]
 14751 | Lair:1   | Gained mutation: Your system is resistant to poisons.
                  | (rPois) [potion of mutation]
 15335 | Lair:2   | Reached XP level 12. HP: 81/110 MP: 14/16
 15566 | Lair:2   | Reached skill level 10 in Polearms
 15835 | Lair:2   | Reached **** piety under Beogh
 16093 | Lair:2   | Noticed an eight-headed hydra
 16485 | Lair:2   | Killed an eight-headed hydra
 16791 | Lair:2   | Reached skill level 5 in Evocations
 17463 | D:11     | Gained Bogbrand as an ally
 17469 | D:11     | Your ally Bogbrand died
 18749 | Lair:3   | Reached ***** piety under Beogh
 19153 | Lair:3   | Got a shimmering chain mail
 19196 | Lair:3   | Noticed a seven-headed hydra
 19211 | Lair:3   | Killed a seven-headed hydra
 19470 | Lair:3   | Reached XP level 13. HP: 100/117 MP: 15/19
 19570 | Lair:3   | Found a basalt altar of Yredelemnul.
 19934 | Lair:3   | Found a staircase to the Shoals.
 20096 | Lair:3   | Found a hole to the Spider Nest.
 20901 | Lair:4   | Gained Bogbrand as an ally
 21123 | Lair:4   | Found the +8 whip "Snakebite" {curare, rPois}
 21272 | Lair:4   | Your ally Bogbrand died
 21917 | Lair:4   | Gained Brunolf as an ally
 22373 | Lair:1   | Identified the +0 chain mail of the Moon {rCorr Slay+2}
                  | (You found it on level 3 of the Lair of Beasts)
 22947 | Lair:5   | Found a runed translucent door.
 22947 | Lair:5   | Noticed leebro123's ghost (journeyman DsBe)
 23076 | Lair:5   | Reached skill level 10 in Invocations
 23519 | Lair:5   | Found a runed translucent door.
 23519 | Lair:5   | Found a viscous altar of Jiyva.
 23520 | Lair:5   | Found a staircase to the Slime Pits.
 23520 | Lair:5   | Noticed an acid blob
 24148 | D:11     | Your ally died
 24161 | D:11     | Killed Fannar
 24796 | D:12     | Found a staircase to the Orcish Mines.
 24841 | D:12     | Reached ****** piety under Beogh
 24920 | D:12     | Found Tobomewn's Armour Shop.
 24926 | D:12     | Bought a +1 pair of gloves of strength for 297 gold pieces
 24960 | D:12     | Gained Jorge as an ally
 25147 | D:12     | Found a stormy altar of Qazlal.
 25851 | Orc:1    | Entered Level 1 of the Orcish Mines
 26133 | Orc:2    | Entered Level 2 of the Orcish Mines
 26161 | Orc:2    | Gained Orkrul as an ally
 26163 | Orc:2    | Noticed Saint Roka
 26164 | Orc:2    | Your ally Orkrul died
 26183 | Orc:2    | Killed Saint Roka
 26183 | Orc:2    | Reached XP level 14. HP: 71/129 MP: 12/21
 26198 | Orc:2    | Found a roughly hewn altar of Beogh.
 26468 | Orc:2    | Found Norisch's Distillery.
 26493 | Orc:2    | Bought 2 potions of magic for 224 gold pieces
 26667 | Orc:2    | Noticed Snorg
 26676 | Orc:2    | Killed Snorg
 26702 | Orc:2    | Noticed Maurice
 26715 | Orc:2    | Killed Maurice
 26748 | Orc:2    | Your ally Jorge died
 26782 | Orc:2    | Found a staircase to the Elven Halls.
 26905 | Orc:2    | Gained Zartorak as an ally
 26909 | Orc:2    | Your ally Zartorak died
 27433 | Orc:2    | Found Tititu's General Store.
 27434 | Orc:2    | Found Gazim's General Store.
 27434 | Orc:2    | Found Neag's Antique Armour Emporium.
 27435 | Orc:2    | Found Niggein's Gadget Emporium.
 27444 | Orc:2    | Bought a pair of slimy boots for 161 gold pieces
 27444 | Orc:2    | Bought a glowing helmet for 127 gold pieces
 27473 | Orc:2    | Identified the +1 pair of boots "Vosikil" {-Tele Rampage
                  | rCorr Dex+2} (You bought it in a shop on level 2 of the
                  | Orcish Mines)
 27805 | Orc:1    | Gained Orkrul as an ally
 27929 | Orc:1    | Found a roughly hewn altar of Beogh.
 27966 | Orc:1    | Found Kul Koit's Weapon Shop.
 28258 | D:13     | Found a gate to the Vaults.
 28287 | D:13     | Gained Berold as an ally
 28383 | D:13     | Noticed Azrael
 28404 | D:13     | Your ally Orkrul died
 28420 | D:13     | Killed Azrael
 28833 | D:13     | Noticed Josephine
 28841 | D:13     | Killed Josephine
 29733 | D:14     | Gained Wulfoc as an ally
 29794 | D:14     | Found Doj Zaots's Jewellery Shoppe.
 29797 | D:14     | Upgraded the game from 0.26-a0-542-gbaa144ba5c to
                  | 0.26-a0-546-g3c2127501a
 29797 | D:14     | Bought a cursed ring of teleportation for 63 gold pieces
 29797 | D:14     | Bought a cursed amulet of inaccuracy for 28 gold pieces
 29797 | D:14     | Bought a cursed ring of attention for 63 gold pieces
 29797 | D:14     | Bought the ring of Doubts {rN+ MR++} for 495 gold pieces
 30985 | D:15     | Entered Level 15 of the Dungeon
 31382 | D:15     | Found a shattered altar of Ashenzari.
 31622 | D:15     | Reached XP level 15. HP: 137/137 MP: 23/23
 31808 | D:15     | Gained Wargath as an ally
 32217 | D:15     | Found a staircase to the Depths.
 32689 | Lair:6   | Entered Level 6 of the Lair of Beasts
 32725 | Lair:6   | Reached skill level 15 in Shields
 32756 | Lair:6   | Found a dark tunnel.
 32773 | Volcano  | Entered a volcano
 33187 | Lair:6   | Got a scorched scale mail
 34475 | Lair:6   | Found a runed translucent door.
 35063 | Lair:1   | Identified the cursed +0 scale mail "Iklane" {+Blink rPois
                  | rF+++ Int-5} (You found it on level 6 of the Lair of
                  | Beasts)
 35315 | Lair:5   | Killed leebro123's ghost
 35527 | Spider:1 | Entered Level 1 of the Spider Nest
 36006 | Spider:1 | Got a smouldering hat
 36017 | Spider:1 | Identified the cursed -3 hat of the Devil's Team {Harm rC+
                  | Dex+4} (You found it on level 1 of the Spider Nest)
 36182 | Spider:1 | You fall into a shaft and drop 1 floor!
 37118 | Spider:2 | Reached skill level 10 in Evocations
 37534 | Spider:2 | Noticed a ghost moth
 37550 | Spider:2 | Killed a ghost moth
 38252 | Spider:3 | Noticed a ghost moth
 38255 | Spider:3 | Reached XP level 16. HP: 142/147 MP: 25/25
 38634 | Spider:3 | Your ally Brunolf died
 39094 | Spider:4 | Entered Level 4 of the Spider Nest
 39265 | Spider:4 | Reached skill level 15 in Fighting
 40978 | Spider:4 | Got a gossamer rune of Zot
 41188 | Lair:1   | Upgraded the game from 0.26-a0-546-g3c2127501a to
                  | 0.26-a0-547-g695e311587
 41388 | Elf:1    | Entered Level 1 of the Elven Halls
 41441 | Elf:1    | Found a magical portal.
 41564 | WizLab   | Entered Wucad Mu's Monastery
 41610 | WizLab   | Noticed a grey draconian monk
 41611 | WizLab   | Noticed a grey draconian monk
 41627 | WizLab   | HP: 7/150 [grey draconian monk[old memories] (8)]
 41627 | WizLab   | Mangled by a grey draconian monk

Illustrated notes

Levels and vault maps discovered:
D:1:      dpeg_arrival_castle, layout_basic
D:2:      layout_loops_corners, elyvilon_altar_3, feat_on_display
D:3:      layout_rooms
D:4:      layout_basic, kennysheep_little_box, minmay_misc_feat_four_crosses,
          nicolae_gozag_cash_rules_everything_around_me, uniq_edmund,
          uniq_pikel, uniq_menkaure
D:5:      layout_rooms, lemuel_doored_altar, minmay_temple_entry_nine_rooms,
          basic_altar, uniq_crazy_yiuf_cottage
D:6:      layout_cave_pools, serial_shops, shop, uniq_grinder
D:7:      layout_basic
D:8:      layout_basic, zin_purify, nicolae_ru_awakened_eye, enter_ossuary_1,
          kennysheep_generic_room_7
D:9:      layout_basic, demons_altar
D:10:     layout_long_grid, lair_entry_dummy, nicolae_underground_beach,
          uniq_urug
D:11:     layout_irregular_city, portal_ice_cave_entry_pillars_1, uniq_fannar
D:12:     layout_loops_ring, zombieorc2_lemuel, basic_altar, serial_shops,
          shop_statue
D:13:     layout_stronghold, erik_vaults_1, minmay_nine_imps, uniq_azrael,
          uniq_josephine
D:14:     layout_long_grid, minmay_misc_feat_rugged, serial_shops,
          nicolae_shop_behind_doors
D:15:     grunt_enter_depths_snipers, layout_basic, evilmike_ruin_ashenzari
Temple:   nicolae_temple_x_marks_the_god
Lair:1:   layout_misc_corridors, gauntlet_entry_generic
Lair:2:   statuecave_lemuel, layout_regular_city, grunt_megastairs_5,
          infiniplex_staircase_pool
Lair:3:   beast_lair_carwin_large_4, layout_chaotic_city,
          minmay_shoals_entry_lonely_mermaid, nicolae_spider_entry_tight_spaces,
          lemuel_centaur_altar
Lair:4:   minmay_guarded_unrand_snakebite, layout_concentric_octagons,
          roderic_batcave, grunt_forest_large_clearings
Lair:5:   layout_hall_layers, slime_altar_2, ebering_ghost_reflecting_pool
Lair:6:   wormcave, layout_regular_city, guppyfry_lair_end_dragon,
          nicolae_volcano_entry_batcave, eino_house_with_fridge
Spider:1: layout_spider_delve, drop_trap
Spider:2: layout_chambers
Spider:3: layout_spider_delve, nicolae_spider_cling_ruins
Spider:4: spider_rune_water, drop_trap
Orc:1:    layout_diamond_mine, serial_shops, shop, basic_altar, mines3_lemuel
Orc:2:    st_orc_pillars, layout_diamond_mine, basic_altar, serial_shops, shop,
          uniq_snorg, uniq_maurice, uniq_saint_roka
Elf:1:    layout_geoelf_diagonals, infiniplex_enter_wizlab_glasses,
          serial_shops, shop, hangedman_elf_represent,
          evilmike_spriggan_trog_shrine, grunt_megastairs_3, uniq_roxanne,
          uniq_louise, uniq_asterion
WizLab:   wizlab_wucad

Skill      XL: |  1  2  3  4  5  6  7  8  9 10 11 12 13 14 15 16 |
---------------+-------------------------------------------------+-----
Fighting       | 4 5 6 7 9 10 11 13 14 15 | 15.7
Polearms       | 3 5 6 7 9 10 11 12 13 14 | 14.0
Armour         | 4 5 6 8 9 10 11 12 13 14 | 14.2
Shields        | 4 5 6 8 9 10 12 13 14 15 | 15.0
Invocations    | 4 6 8 10 11 13 14 | 14.0
Evocations     | 2 4 6 7 8 10 | 10.8

Action                   |  1- 3 |  4- 6 |  7- 9 | 10-12 | 13-15 | 16-18 || total
-------------------------+-------+-------+-------+-------+-------+-------++-------
Melee: Trident           |    89 |   236 |   366 |  1422 |  1691 |   321 ||  4125
 Fire: Hand crossbow     |       |       |       |    14 |    16 |     5 ||    35
Invok: Convert to Beogh  |       |       |     1 |       |       |       ||     1
       Smiting           |       |       |       |     1 |       |       ||     1
       Give Item to Name |       |       |       |       |     2 |     1 ||     3
       Recall Orcish Fol |       |       |       |       |     9 |     3 ||    12
       Resurrection      |       |       |       |       |       |     1 ||     1
 Abil: Evoke Blink       |       |       |       |     3 |       |       ||     3
       Blink             |       |       |       |     1 |       |       ||     1
Evoke: Wand              |       |       |     3 |     4 |     1 |       ||     8
       Box of beasts     |       |       |       |       |       |     1 ||     1
  Use: Potion            |       |     3 |     2 |    15 |     3 |     1 ||    24
       Scroll            |       |       |       |    29 |     9 |     5 ||    43
 Stab: Invisible         |       |       |       |     1 |       |       ||     1
       Distracted        |       |       |       |     1 |    18 |     3 ||    22
       Confused          |       |       |       |       |     3 |       ||     3
Armor: Scale mail        |    20 |    66 |       |       |       |       ||    86
       Plate armour      |       |     9 |   137 |   584 |   564 |   218 ||  1512
       Skin              |       |    13 |    26 |    54 |       |       ||    93
Dodge: Dodged            |    16 |    60 |   103 |   425 |   321 |    68 ||   993
Block: Kite shield       |    34 |    84 |   197 |   792 |   916 |   318 ||  2341
       Reflection        |       |       |       |       |       |     2 ||     2

Table legend: (Time is in decaauts)
 A = Elapsed time spent in this place.
 B = Non-inter-level travel time spent in this place.
 C = Inter-level travel time spent in this place.
 D = Time resting spent in this place.
 E = Time spent auto-exploring this place.
 F = Levels seen in this place.
 G = Mean time per level.
                   A        B        C        D        E       F      G
               +--------+--------+--------+--------+--------+-----+--------+
         Total |  41132 |  37751 |   3381 |   3622 |  25712 |  34 | 1209.8 |
       Dungeon |  20412 |  18625 |   1787 |   1526 |  13353 |  15 | 1360.8 |
        Temple |     53 |     47 |      6 |      0 |     46 |   1 |   53.0 |
          Lair |  11218 |  10183 |   1035 |    676 |   7277 |   6 | 1869.7 |
   Spider Nest |   5475 |   5125 |    350 |    760 |   3289 |   4 | 1368.8 |
  Orcish Mines |   2226 |   2024 |    202 |    506 |   1085 |   2 | 1113.0 |
   Elven Halls |    162 |    162 |      0 |    101 |      0 |   1 |  162.0 |
       Ossuary |    593 |    593 |      0 |      0 |    260 |   1 |  593.0 |
      Ice Cave |    388 |    388 |      0 |      7 |    166 |   1 |  388.0 |
       Volcano |    316 |    316 |      0 |      0 |    103 |   1 |  316.0 |
        Wizlab |     57 |     57 |      0 |     45 |      0 |   1 |   57.0 |
      Gauntlet |    226 |    226 |      0 |      0 |    132 |   1 |  226.0 |
               +--------+--------+--------+--------+--------+-----+--------+

Top non-repeatable levels by time:
    D:10: 2911 daAuts
  Lair:4: 2095 daAuts
  Lair:1: 2075 daAuts
  Lair:6: 1990 daAuts
  Lair:2: 1930 daAuts
  Lair:3: 1847 daAuts
Spider:4: 1793 daAuts
     D:8: 1750 daAuts
    D:11: 1731 daAuts
Spider:2: 1727 daAuts
     D:4: 1553 daAuts
    D:13: 1536 daAuts
     D:9: 1515 daAuts
   Orc:2: 1511 daAuts
    D:15: 1326 daAuts
